Match 43622255
Unlisted

Match 43622255
End
Kradschützen Motorcycle Team
Panzerpioneer Squad
Selects Italian Infantry
Panzergrenadier Squad
Construct Light Support Kompanie
Fire Support Elements
Selects Defensive Operations
Flakvierling Half-track
Assault Mechanized Group
Vehicle Survival Package
Tungsten Core Ammunition
Selects Guastatori Squad
Selects L6/40 Light Tank Combat Group
Construct Mechanized Kompanie
Rapid Advance
Selects Towed Cannone da 105/28 Field Howitzer
le.IG 18 Mechanized Group
Combat Half-tracks
Construct Panzerarmee Kommand
Panzerpioneer Squad
BigMaño
starkgravy
Bran
DrewP
0
0

Comments sign in to comment!

No comments posted yet!